 Dungeon Crawl Stone Soup version 0.29.1-4-g47bece8355 (webtiles) character file.

Game seed: 7004723858320716664

480 venomsnake the Trooper (level 6, 0/84 HPs)
             Began as a Minotaur Berserker on Dec 10, 2022.
             Was a Believer of Trog.
             Slain by a troll (1 damage)
             ... on level 5 of the Dungeon.
             The game lasted 00:09:54 (4294 turns).

venomsnake the Trooper (Minotaur Berserker)         Turns: 4294, Time: 00:09:55

Health: 0/84       AC:  7    Str: 24    XL:     6   Next: 86%
Magic:  0/5        EV: 12    Int:  7    God:    Trog [**....]
Gold:   154        SH:  0    Dex:  9    Spells: 5/5 levels left

rFire   . . .      SeeInvis .   a - +0 hand axe
rCold   . . .      Faith    .   (no shield)
rNeg    . . .      Spirit   +   n - +0 ring mail "Fahesk" {Harm rPois rF- Int+3}
rPois   +          Reflect  .   (helmet restricted)
rElec   .          Harm     +   (no cloak)
rCorr   .          Rampage  .   B - +0 pair of gloves
Will    .....                   (no boots)
Stlth   ..........              p - amulet of guardian spirit
HPRegen 0.24/turn               h - ring of poison resistance
MPRegen 0.09/turn               o - ring of protection from fire

@: berserking, very quick
A: horns 2, retaliatory headbutt
a: Renounce Religion, Berserk, Trog's Hand


You were on level 5 of the Dungeon.
You worshipped Trog.
Trog was pleased with you.
You visited 1 branch of the dungeon, and saw 5 of its levels.

You collected 154 gold pieces.

Inventory:

Hand Weapons
 a - a +0 hand axe (weapon)
Missiles
 m - 30 stones (quivered)
Armour
 n - the +0 ring mail "Fahesk" (worn) {Harm rPois rF- Int+3}
   (You found it on level 2 of the Dungeon)

   Int:       It affects your intelligence (+3).
   rF:        It makes you vulnerable to fire.
   rPois:     It protects you from poison.
   Harm:      It increases damage dealt and taken.
 B - a +0 pair of gloves (worn)
Jewellery
 h - a ring of poison resistance (left hand)
 i - a ring of protection from cold
 o - a ring of protection from fire (right hand)
 p - an amulet of guardian spirit (around neck)
Wands
 t - a wand of flame (18)
 A - a wand of quicksilver (9)
Scrolls
 b - 2 scrolls of teleportation {unknown}
 j - a scroll of noise {unknown}
 k - a scroll of immolation {unknown}
 q - a scroll of silence {unknown}
 s - a scroll of poison {unknown}
 u - a scroll of enchant armour {unknown}
 y - a scroll of summoning {unknown}
 z - a scroll of torment {unknown}
Potions
 c - 2 potions of might {unknown}
 d - a potion of brilliance {unknown}
 e - a potion of curing {unknown}
 f - a potion of mutation {unknown}
 g - a potion of magic {unknown}
 l - 3 potions of lignification {unknown}
 r - a potion of degeneration {unknown}
 v - a potion of flight {unknown}
 w - 2 potions of haste {unknown}
 x - a potion of resistance {unknown}


   Skills:
 + Level 5.3 Fighting
 + Level 5.2 Axes
 + Level 4.5 Armour
 + Level 4.1 Dodging
 + Level 2.6 Evocations


You had 5 spell levels left.
You didn't know any spells.
Your spell library was empty.

Dungeon Overview and Level Annotations

Branches:
Dungeon (5/15)
 Temple: D:4-7

Altars:
Kikubaaqudgha
Sif Muna

Shops:
D:2 [


Innate Abilities, Weirdness & Mutations

You have a pair of horns on your head.
You reflexively headbutt those who attack you in melee.


Message History

A troll is nearby!
Found 12 gold pieces.
There is a stone staircase leading up here.
You barely miss the troll. The troll closely misses you.
You furiously retaliate!
You headbutt the troll, but do no damage.
The troll claws you but does no damage. The troll claws you!
You closely miss the troll. Your headbutt misses the troll.
The troll bites you but does no damage. The troll claws you but does no damage.
The troll claws you.
You hit the troll.
The troll is lightly wounded.
The troll bites you but does no damage. The troll claws you!
The troll barely misses you.
You hit the troll. Your headbutt misses the troll.
The troll is lightly wounded.
The troll barely misses you. The troll closely misses you. x2
You barely miss the troll. Your headbutt misses the troll.
The troll is lightly wounded.
The troll bites you! The troll claws you. The troll closely misses you.
You slash the troll!
The troll is moderately wounded.
The troll bites you but does no damage. The troll misses you.
The troll closely misses you.
You hit the troll but do no damage.
The troll is moderately wounded.
The troll bites you. The troll claws you but does no damage.
The troll closely misses you.
You closely miss the troll.
The troll is moderately wounded.
The troll bites you!
* * * LOW HITPOINT WARNING * * *
The troll barely misses you. The troll claws you.
* * * LOW HITPOINT WARNING * * *
A red film seems to cover your vision as you go berserk!
You feel yourself moving faster!
You feel mighty! The troll misses you. The troll claws you!
* * * LOW HITPOINT WARNING * * *
The troll claws you.
You die...

#.....#......#.............
#.....######'#.............
#......................###+
#.............##########
#.............#
######........# #..[.....#
#....T...+ #....@...######
#..............
#......).......
#..............
#..............
#..............
#..............
#........##+### #........#


You could see a troll.

Vanquished Creatures
  Sigmund (D:5)
  A necrophage (D:3)
  A jelly (D:4)
  An orc priest (D:5)
  Jessica (D:3)
  An orc wizard (D:5)
  Robin (D:2)
  A gnoll (D:4)
  6 adders
  A shadow imp (D:5)
  2 worms
  2 dart slugs
  3 orcs (D:5)
  3 ball pythons
  2 bats (D:1)
  4 endoplasms
  2 giant cockroaches
  6 hobgoblins
  3 frilled lizards
  12 goblins
  8 kobolds
  7 rats
69 creatures vanquished.

Vanquished Creatures (others)
  5 fungi (D:4)
5 creatures vanquished.

Grand Total: 74 creatures vanquished

Notes
Turn   | Place    | Note
-------+----------+-------------------------------------------
     0 | D:1      | venomsnake the Minotaur Berserker began the quest for the
                  | Orb.
     0 | D:1      | Reached XP level 1. HP: 19/19 MP: 0/0
   419 | D:1      | Reached XP level 2. HP: 24/27 MP: 1/1
  1108 | D:2      | Found Pirphogye's Armour Boutique.
  1126 | D:2      | Identified the +0 ring mail "Fahesk" {Harm rPois rF- Int+3}
  1353 | D:2      | Noticed Robin
  1360 | D:2      | Reached XP level 3. HP: 29/33 MP: 2/2
  1375 | D:2      | Reached skill level 1 in Evocations
  1376 | D:2      | Killed Robin
  1376 | D:2      | Reached ** piety under Trog
  1674 | D:2      | Found a shimmering blue altar of Sif Muna.
  2122 | D:2      | Reached XP level 4. HP: 40/40 MP: 3/3
  2404 | D:3      | Noticed Jessica
  2409 | D:3      | Killed Jessica
  2593 | D:3      | Found a faded altar of an unknown god.
  2780 | D:4      | Noticed a necrophage
  2792 | D:3      | Killed a necrophage
  2793 | D:3      | Reached XP level 5. HP: 41/47 MP: 2/4
  2922 | D:4      | Found an ancient bone altar of Kikubaaqudgha.
  3726 | D:5      | Entered Level 5 of the Dungeon
  3726 | D:5      | Noticed Sigmund
  3847 | D:5      | Killed Sigmund
  3848 | D:5      | Reached skill level 5 in Fighting
  3848 | D:5      | Reached skill level 5 in Axes
  3848 | D:5      | Reached XP level 6. HP: 7/56 MP: 1/5
  4261 | D:5      | Noticed a troll
  4294 | D:5      | HP: 1/84 [troll (14)]
  4294 | D:5      | Slain by a troll

Illustrated notes

Levels and vault maps discovered:
D:1:      noname_arrival_rooms_in_the_neighbourhood, layout_basic,
          patterned_corridor
D:2:      layout_basic, basic_altar, serial_shops, nicolae_square_shop,
          uniq_robin
D:3:      layout_basic, shapermc_ecumenical_altar_hornbeckon,
          nrook_mini_backslash, kennysheep_generic_room_8, uniq_jessica
D:4:      layout_cave_pools, mainiacjoe_overflow_chevrons,
          dreamdust_mushroom_princess, minmay_surrounded
D:5:      layout_gridville, grunt_temple_overflow_gold_and_silver,
          nicolae_concentric_dashed_squares_mild, uniq_pikel, uniq_duvessa,
          uniq_sigmund

Skill      XL: |  1  2  3  4  5  6 |
---------------+-------------------+-----
Fighting       | 4 5 |  5.3
Axes           | 4 5 |  5.2
Armour         | 3 4 |  4.5
Evocations     | 1 2 |  2.6
Dodging        | 3 4 |  4.1

Action                   |  1- 3 |  4- 6 || total
-------------------------+-------+-------++-------
Melee: Hand axe          |    71 |   103 ||   174
       Headbutt          |     6 |    19 ||    25
       Punch             |       |     1 ||     1
Throw: Stone             |     6 |       ||     6
Invok: Berserk           |       |     1 ||     1
Armor: Animal skin       |     7 |       ||     7
       Ring mail         |     8 |    29 ||    37
Dodge: Dodged            |    52 |    55 ||   107
